 Dungeon Crawl Stone Soup version 0.23-a0-57-gd13e5294dc (webtiles) character file.

925 Oravi the Gusty (level 8, 0/45 HPs)
             Began as a Tengu Air Elementalist on Aug 9, 2018.
             Slain by a worm (11 damage)
             ... on level 6 of the Dungeon.
             The game lasted 00:30:26 (6756 turns).

Oravi the Gusty (Tengu Air Elementalist)            Turns: 6756, Time: 00:30:27

Health: 0/45       AC:  4    Str: 10    XL:     8   Next: 10%
Magic:  7/15       EV: 13    Int: 17    God:
Gold:   217        SH:  0    Dex: 14    Spells: 9/15 levels left

rFire    . . .     SeeInvis .   m - +2 dagger (venom)
rCold    . . .     Gourm    .   (no shield)
rNeg     . . .     Faith    .   j - +0 leather armour
rPois    .         Spirit   .   (helmet restricted)
rElec    .         Reflect  .   (no cloak)
rCorr    .         Harm     .   u - +0 pair of gloves
MR       .....                  (boots unavailable)
Stlth    ++........             (no amulet)
HPRegen  0.15/turn              (no ring)
MPRegen  0.14/turn              (no ring)

@: drained
A: beak, talons 3, able to fly 1
a: Fly


You were on level 6 of the Dungeon.
You were not hungry.

You visited 1 branch of the dungeon, and saw 6 of its levels.

You collected 217 gold pieces.

Inventory:

Hand Weapons
 e - a +0 dagger
 l - a +0 antimagic whip
 m - a +2 dagger of venom (weapon)
 n - a +0 hand axe
Missiles
 f - 92 stones (quivered)
 t - a throwing net
Armour
 a - a +0 robe
 j - a +0 leather armour (worn)
 q - a +0 scale mail
 u - a +0 pair of gloves (worn)
Scrolls
 b - a scroll of immolation
 g - 3 scrolls of identify
 k - 2 scrolls of enchant armour {unknown}
 p - a scroll of enchant weapon
 v - a scroll of fog
Potions
 d - a potion of curing {unknown}
 h - a potion of cancellation
 i - 3 potions of heal wounds
 o - 2 potions of ambrosia
 r - 2 potions of brilliance
 s - a potion of mutation
 w - a potion of agility {unknown}
 x - a potion of haste {unknown}
Comestibles
 c - 12 rations
 z - a chunk of flesh


   Skills:
 + Level 2.7(2.4) Fighting
 + Level 3.4(3.2) Armour
 + Level 4.3(4.0) Dodging
 - Level 2.0(1.7) Stealth
 + Level 4.0(3.7) Spellcasting
 + Level 5.3(5.0) Conjurations
 + Level 6.5(6.2) Air Magic


You had 9 spell levels left.
You knew the following spells:

 Your Spells              Type           Power        Failure   Level  Hunger
a - Shock                 Conj/Air       ###.         1%          1    None
b - Swiftness             Chrm/Air       ##......     9%          2    ##.....
c - Static Discharge      Conj/Air       ###.....     6%          3    ###....

Your spell library contained the following spells:

 Spells                   Type           Power        Failure   Level  Hunger
 Lightning Bolt           Conj/Air       ###.......   50%         5    ######.
 Airstrike                Air            ###.......   17%         4    ####...


Dungeon Overview and Level Annotations

Branches:
Dungeon (6/15)
 Temple: D:4-7

Altars:
Fedhas
Trog

Shops:
D:6 (


Innate Abilities, Weirdness & Mutations

You have a beak for a mouth.
You have claws for feet.
You can fly.


Message History

The zap misses the wight.
The zap hits the wight.
The wight is severely damaged.
The adder hisses angrily.
The wight hits you from afar with an enchanted spear.
You feel drained.
The wight hits you with a flail of freezing.
The wight freezes you.
Unknown command.
Casting: Shock (safe; 1% risk of failure)
Confirm with . or Enter, or press ? or * to list all spells.
The worm is struck by lightning.
The worm is moderately wounded.
The lightning grounds out.
The wight hits you from afar with an enchanted spear!
The orc hits you with a whip. The wight barely misses you.
A black bear comes into view.
The wight hits you with a scimitar!
* * * LOW HITPOINT WARNING * * *
The wight misses you. The orc barely misses you. The worm bites you!
You die...

..............h
...............
?..............
..(........S...
...........)...
...............
.....zoz.......
.....z.@.......
.....zzw.......
...............
...............
...............
...............
............∩..
(..............


You could see a black bear (wandering), a worm, 5 wights, an adder and an orc.

Vanquished Creatures
  Edmund (D:5)
  A sky beast (D:5)
  2 ogres
  3 scorpions
  2 howler monkeys
  A hound (D:5)
  A worker ant (D:5)
  2 iguanas
  2 hound zombies
  6 adders
  3 gnolls (D:4)
  A shadow imp (D:5)
  An ooze (D:3)
  An adder skeleton (D:4)
  A worm (D:4)
  5 dart slugs
  3 leopard geckos
  7 orcs (D:3)
  2 ball pythons
  9 bats
  A giant cockroach (D:4)
  6 hobgoblins
  5 jackals
  2 quokkas
  3 ball python skeletons
  6 frilled lizards
  9 goblins
  9 kobolds
  A leopard gecko skeleton (D:4)
  A quokka skeleton (D:5)
  9 rats
106 creatures vanquished.

Notes
Turn   | Place    | Note
-------+----------+-------------------------------------------
     0 | D:1      | Oravi the Tengu Air Elementalist began the quest for the Orb.
     0 | D:1      | Reached XP level 1. HP: 10/10 MP: 4/4
   453 | D:1      | Reached XP level 2. HP: 15/15 MP: 4/6
   476 | D:1      | Learned a level 2 spell: Swiftness
  1046 | D:2      | Reached XP level 3. HP: 19/19 MP: 2/7
  2205 | D:2      | Noticed an ogre
  2213 | D:2      | Killed an ogre
  2213 | D:2      | Reached skill level 1 in Armour
  2213 | D:2      | Reached skill level 5 in Air Magic
  2213 | D:2      | Reached XP level 4. HP: 9/24 MP: 6/9
  2213 | D:2      | Gained mutation: You can fly. [Tengu growth]
  2213 | D:2      | Reached XP level 5. HP: 11/28 MP: 6/10
  2726 | D:2      | Learned a level 3 spell: Static Discharge
  3351 | D:3      | Noticed an ogre
  3704 | D:3      | Killed an ogre
  3704 | D:3      | Reached skill level 1 in Fighting
  3704 | D:3      | Reached XP level 6. HP: 31/34 MP: 4/11
  4641 | D:4      | Reached XP level 7. HP: 23/38 MP: 7/13
  5324 | D:4      | Found a bloodstained altar of Trog.
  5486 | D:5      | Entered Level 5 of the Dungeon
  5516 | D:5      | Reached skill level 6 in Air Magic
  5973 | D:5      | Reached skill level 5 in Conjurations
  6281 | D:5      | Noticed Edmund
  6296 | D:5      | Killed Edmund
  6296 | D:5      | Reached XP level 8. HP: 26/45 MP: 10/15
  6648 | D:5      | Found a blossoming altar of Fedhas.
  6749 | D:6      | Found Uxenlao's Antique Weapon Boutique.
  6756 | D:6      | Slain by a worm

Vault maps used:
D:1:      elethiomel_arrival_quiet, hangedman_decor_clover_reticule
D:2:      minmay_misc_feat_secret_circle
D:3:      kennysheep_generic_room_4
D:4:      nicolae_overflow_crystal_walls, kennysheep_decorative_pillar
D:5:      kennysheep_little_box, first_ration, serial_bayou_crossing,
          uniq_edmund
D:6:      serial_shops, shop, uniq_pikel, uniq_duvessa

Skill      XL: |  1  2  3  4  5  6  7 |
---------------+----------------------+-----
Conjurations   | 2 3 4 5 |  5.3
Armour         | 1 2 3 |  3.4
Air Magic      | 5 6 |  6.5
Spellcasting   | 3 4 |  4.0
Fighting       | 1 2 |  2.7
Dodging        | 3 4 |  4.3
Stealth        | |  2.0

Action                   |  1- 3 |  4- 6 |  7- 9 || total
-------------------------+-------+-------+-------++-------
Melee: Dagger            |    22 |    58 |    73 ||   153
       Peck              |     4 |    10 |    13 ||    27
       Kick              |     2 |    12 |    22 ||    36
Throw: Stone             |    26 |    66 |    58 ||   150
 Cast: Shock             |    45 |    39 |    30 ||   114
       Static Discharge  |       |       |     1 ||     1
  Use: Scroll            |       |     8 |     3 ||    11
  Eat: Chunk             |     4 |     8 |     7 ||    19
Armor: Robe              |     8 |       |       ||     8
       Leather armour    |       |     8 |    13 ||    21
Dodge: Dodged            |    20 |    34 |    40 ||    94

Table legend:
 A = Spawn XP
 B = Non-spawn XP
 C = Spawn XP percentage of total XP
 D = Spawn monster count
 E = Non-spawn monster count
 F = Spawn count percentage of total count
 G = Total turns spent on level
                    A         B        C        D         E        F      G
               +---------+---------+-------+---------+---------+-------+---------
         Total |       0 |    1322 |   0.0 |       0 |     106 |   0.0 |  6756
               +---------+---------+-------+---------+---------+-------+---------
           D:1 |       0 |      28 |   0.0 |       0 |      19 |   0.0 |   934
           D:2 |       0 |     177 |   0.0 |       0 |      20 |   0.0 |  1978
           D:3 |       0 |     176 |   0.0 |       0 |      28 |   0.0 |  1124
           D:4 |       0 |     345 |   0.0 |       0 |      22 |   0.0 |  1450
           D:5 |       0 |     596 |   0.0 |       0 |      17 |   0.0 |  1263
               +---------+---------+-------+---------+---------+-------+---------
